AoeStats
← 309444469

Arabia

510057142Analyzed
1v1 RM · 4d ago on Sep 29, 2026· 27m 38s· 2 players
Game mode
Random Map
Map size
Tiny (2 player)
Population
200
Speed
Normal
Resources
Standard
Victory
Conquest
Starting age
Dark Age
Ending age
Imperial Age
RankedLock teamsTeams togetherTeam positionsShared explorationLock speedFull tech treeHidden civsTurbo modeCheats
Victory
Defeat
🇨🇳 Magyars · China
1075
+15
🇳🇿 Tatars · New Zealand
1049
-15
KraiZePDS
5:32 Loom
10:17 Feudal Age
11:53 Wheelbarrow
23:37 Double-Bit Axe
24:03 Scale Barding Armor
24:14 Forging
26:15 Castle Age
25:09 Horse Collar
25:29 Gold Mining
26:06 Fletching
309444469
6:30 Loom
9:23 Feudal Age
11:31 Double-Bit Axe
22:28 Castle Age
21:07 Horse Collar
21:20 Gold Mining
21:48 Bloodlines
22:01 Scale Barding Armor
25:17 Chain Barding Armor
26:26 Husbandry
28:17 Heavy Plow
Connection lost

Rejoining the realm…

Still unreachable

The connection could not be restored.

Session expired

The server has moved on; the page needs a fresh start.